 Dungeon Crawl Stone Soup version 0.20.0-8-g6b59dc7 (webtiles) character file.

6272 GordonOverkill the Severer (level 10, -3/120 HPs)
             Began as a Minotaur Venom Mage on June 2, 2017.
             Was a Follower of Elyvilon.
             Succumbed to a killer bee's poison
             ... on level 8 of the Dungeon.
             The game lasted 00:18:50 (10704 turns).

GordonOverkill the Severer (Minotaur Venom Mage)   Turns: 10704, Time: 00:18:51

Health: -3/120     AC: 25    Str: 17    XL:     10   Next: 63%
Magic:  14/14      EV:  2    Int: 12    God:    Elyvilon [*.....]
Gold:   327        SH:  4    Dex: 10    Spells: 10/11 levels left

rFire    . . .     SeeInvis .   l - +0 war axe
rCold    . . .     Gourm    +   r - +0 buckler
rNeg     + + +     Faith    .   (armour currently unavailable)
rPois    +         Spirit   .   (helmet currently unavailable)
rElec    .         Reflect  .   (cloak currently unavailable)
rCorr    .         Harm     .   (gloves currently unavailable)
MR       .....     NoTele   +   (boots currently unavailable)
Stlth    ++........             h - amulet of the gourmand
Regen    0.3/turn               (no ring)
MPRegen  0.2/turn               (no ring)

@: lethally poisoned (-3 -> -30), tree-form, berserk cooldown, slowed, very slow
A: (retaliatory headbutt)
a: Lesser Healing, Divine Protection, Renounce Religion


You were on level 8 of the Dungeon.
You worshipped Elyvilon.
Elyvilon was aware of your devotion.
You were completely stuffed.
You were a tree.
You visited 2 branches of the dungeon, and saw 9 of its levels.
You also visited: Sewer.

You collected 327 gold pieces.

Inventory:

Hand Weapons
 b - a +0 morningstar
 l - a +0 war axe (weapon)
Armour
 r - a +0 buckler (worn)
 t - a +1 pair of gloves (melded)
 w - a +0 chain mail (melded)
 D - a +0 plate armour
Jewellery
 h - an amulet of the gourmand (around neck)
 p - an uncursed amulet of rage {unknown}
 B - an uncursed ring of resist corrosion {unknown}
 C - an uncursed ring of protection from magic {unknown}
Wands
 a - a wand of flame (18/48)
 d - a wand of acid (10/15)
 k - a wand of iceblast (5/15)
Scrolls
 f - 2 scrolls of enchant weapon
 g - 3 scrolls of remove curse
 o - 4 scrolls of enchant armour
 y - 2 scrolls of identify
Potions
 m - 3 potions of haste
 n - a potion of might
 v - 2 potions of mutation
 x - a potion of agility
 z - a potion of magic
Books
 E - a Young Poisoner's Handbook

   Spells                             Type                      Level
   a - Sting                          Conjuration/Poison           1
   b - Poisonous Vapours              Poison/Air                   2
   c - Mephitic Cloud                 Conjuration/Poison/Air       3
   d - Olgreb's Toxic Radiance        Poison                       4
   e - Venom Bolt                     Conjuration/Poison           5
Comestibles
 c - 4 bread rations
 j - 3 meat rations
 q - 8 fruits
 F - 5 chunks of flesh


   Skills:
 - Level 4.6 Fighting
 * Level 15.9 Axes
 - Level 3.2 Armour
 - Level 2.1 Dodging
 - Level 1.5 Stealth
 - Level 4.0 Shields
 - Level 1.3 Spellcasting
 - Level 0.6 Conjurations
 - Level 2.1 Poison Magic
 + Level 6.7 Invocations


You had 10 spell levels left.
You knew the following spells:

 Your Spells              Type           Power        Failure   Level  Hunger
a - Sting                 Conj/Pois      #...         17%         1    ##.....


Dungeon Overview and Level Annotations

Branches:
Dungeon (8/15)             Temple (1/1) D:6
   Lair: D:8-11

Altars:
Ashenzari
Cheibriados
Dithmenos
Elyvilon
Fedhas
Gozag
Hepliaklqana
Kikubaaqudgha
Makhleb
Nemelex Xobeh
Okawaru
Qazlal
Ru
Sif Muna
Trog
Uskayaw
Vehumet
Xom
Yredelemnul
Zin
The Shining One

Shops:
D:6 *


Innate Abilities, Weirdness & Mutations

((You reflexively headbutt those who attack you in melee.))
((You have a pair of horns on your head.))


Message History

The killer bee stings you.
* * * LOW HITPOINT WARNING * * *
You are more poisoned.
The killer bee poisons you! The killer bee completely misses you.
* * * LOW HITPOINT WARNING * * *
You feel very sick.
The killer bee stings you but does no damage.
The killer bee stings you.
* * * LOW HITPOINT WARNING * * *
The killer bee stings you but does no damage.
The killer bee stings you. Elyvilon protects you from harm!
The killer bee barely misses you. You furiously retaliate!
You headbutt the killer bee!
Okay, then.
It was a potion of lignification.
You turn into a tree.
Your +1 pair of gloves melds into your body.
Your +0 chain mail melds into your body.
Your roots penetrate the ground.
You die...

.... #... ## .[. #.#
..##y# #.#y# #..# #y## #+#
### #yy# ..!. ..# # #y♣###
....####.##.# #....##
............# #..........
#.##.#######..[###### #.
#....#...........
#.#.####.#.#.......## ###
#.#.....y#.#.####.... ...
#.######y#.#)#....... ..#
#......y.#.#.#.##.>#####.#
#


You could see 4 killer bees.

Vanquished Creatures
  Sigmund (D:6)
  A vampire (D:7)
  A water moccasin (D:6)
  3 orc warriors
  3 black bears
  A phantom (D:4)
  A sky beast (D:6)
  3 ogres (D:7)
  5 centaurs
  4 big kobolds (Sewer)
  3 bullfrogs
  A scorpion (D:7)
  A jelly (D:5)
  A crimson imp (D:4)
  A bullfrog zombie (D:6)
  3 hounds
  4 orc wizards (D:7)
  An iguana (D:5)
  Natasha (D:2)
  4 worker ants
  A gnoll (D:1)
  13 adders
  3 river rats
  3 shadow imps
  9 oozes
  An adder skeleton (D:5)
  5 worms
  4 dart slugs
  4 leopard geckos
  11 orcs
  9 giant cockroaches
  10 goblins
  6 hobgoblins
  30 jackals
  13 kobolds
  9 quokkas
  7 ball pythons
  9 bats
  9 frilled lizards
  A goblin skeleton (D:4)
  2 goblin zombies (D:4)
  3 hobgoblin zombies (D:4)
  A kobold skeleton (D:4)
  2 kobold zombies (D:4)
  An orc skeleton (D:4)
  3 orc zombies (D:4)
  2 quokka skeletons
  A quokka zombie (D:7)
  17 rats
232 creatures vanquished.

Notes
Turn   | Place    | Note
-------+----------+-------------------------------------------
     0 | D:1      | GordonOverkill the Minotaur Venom Mage began the quest for the Orb.
     0 | D:1      | Reached XP level 1. HP: 14/14 MP: 1/1
   398 | D:1      | Reached skill level 1 in Fighting
   404 | D:1      | Reached skill level 1 in Armour
   470 | D:1      | Reached XP level 2. HP: 23/23 MP: 0/3
   706 | D:1      | Reached XP level 3. HP: 17/29 MP: 1/4
  1862 | D:2      | Reached XP level 4. HP: 17/37 MP: 5/5
  2204 | D:2      | Found a glowing silver altar of Zin.
  2818 | D:2      | Reached skill level 1 in Axes
  3099 | D:3      | Noticed Natasha
  3117 | D:2      | Killed Natasha
  3117 | D:2      | Reached skill level 2 in Axes
  3787 | D:3      | Reached XP level 5. HP: 41/45 MP: 6/6
  3844 | D:3      | Reached skill level 3 in Axes
  4454 | D:4      | Reached skill level 4 in Axes
  4778 | D:4      | Found a glowing golden altar of the Shining One.
  4969 | D:4      | Noticed a phantom
  5000 | D:4      | Killed a phantom
  5000 | D:4      | Reached skill level 5 in Axes
  5000 | D:4      | Reached XP level 6. HP: 33/51 MP: 7/7
  5135 | D:5      | Entered Level 5 of the Dungeon
  5143 | D:5      | Reached skill level 6 in Axes
  5275 | D:5      | Found a glowing drain.
  5279 | Sewer    | Entered a sewer
  5346 | Sewer    | Reached skill level 7 in Axes
  5626 | Sewer    | Reached XP level 7. HP: 52/57 MP: 8/8
  5666 | Sewer    | Reached skill level 8 in Axes
  6129 | Sewer    | Reached skill level 9 in Axes
  6292 | D:5      | Found an iron altar of Okawaru.
  7180 | D:6      | Reached XP level 8. HP: 58/63 MP: 9/9
  7213 | D:6      | Reached skill level 10 in Axes
  7221 | D:6      | Found a staircase to the Ecumenical Temple.
  7229 | Temple   | Entered the Ecumenical Temple
  7289 | Temple   | Became a worshipper of Elyvilon the Healer
  7353 | D:6      | Found a hide-covered altar of Uskayaw.
  7356 | D:6      | Found a basalt altar of Yredelemnul.
  7358 | D:6      | Found a radiant altar of Vehumet.
  7433 | D:6      | Found a sacrificial altar of Ru.
  7459 | D:6      | Found Zivischue's Elemental Accessories.
  7620 | D:6      | Found a hazy altar of Hepliaklqana.
  7640 | D:6      | Reached skill level 11 in Axes
  7988 | D:6      | Reached * piety under Elyvilon
  8002 | D:6      | Found a bloodstained altar of Trog.
  8194 | D:6      | Noticed Sigmund
  8202 | D:6      | Killed Sigmund
  8202 | D:6      | Reached skill level 1 in Shields
  8585 | D:7      | Reached XP level 9. HP: 36/72 MP: 10/10
  8892 | D:7      | Reached skill level 12 in Axes
  9549 | D:7      | Found a stormy altar of Qazlal.
  9612 | D:7      | Reached skill level 1 in Invocations
 10161 | D:7      | Reached skill level 13 in Axes
 10335 | D:7      | Found a sparkling altar of Nemelex Xobeh.
 10696 | D:8      | Reached skill level 15 in Axes
 10696 | D:8      | Reached XP level 10. HP: 14/80 MP: 10/14
 10703 | D:8      | HP: 2/80 [poisoned by a killer bee]
 10703 | D:8      | Elyvilon protects you from harm!
 10704 | D:8      | Succumbed to a killer bee's poison

Skill      XL: |  1  2  3  4  5  6  7  8  9 |
---------------+----------------------------+-----
Fighting       | 1 2 3 4 |  4.6
Armour         | 1 2 3 |  3.2
Axes           | 2 5 7 9 11 15 | 15.9
Shields        | 2 4 |  4.0
Invocations    | 6 |  6.7
Dodging        | |  2.1
Stealth        | |  1.5
Spellcasting   | |  1.3
Conjurations   | |  0.6
Poison Magic   | |  2.1

Action                   |  1- 3 |  4- 6 |  7- 9 | 10-12 || total
-------------------------+-------+-------+-------+-------++-------
Melee: Unarmed           |     8 |       |       |       ||     8
       Dagger            |    43 |       |       |       ||    43
       Headbutt          |    12 |    37 |    71 |       ||   120
       Spear             |    85 |    29 |       |       ||   114
       Short sword       |    18 |       |       |       ||    18
       Hand axe          |       |   263 |   361 |       ||   624
       War axe           |       |       |   133 |       ||   133
 Cast: Sting             |     8 |     1 |       |       ||     9
  Use: Scroll            |       |    11 |     8 |       ||    19
       Potion            |       |       |    10 |     2 ||    12
 Stab: Sleeping          |     4 |       |       |       ||     4
       Distracted        |     1 |       |       |       ||     1
  Eat: Chunk             |    15 |    12 |    17 |       ||    44
Armor: Robe              |    29 |       |       |       ||    29
       Scale mail        |    25 |    88 |       |       ||   113
       Chain mail        |       |    66 |   279 |     2 ||   347
Dodge: Dodged            |    87 |   121 |   162 |     3 ||   373
Block: Buckler           |       |       |    22 |     1 ||    23
